[Event "Open International Liffre 2019"]
[Site "Liffre"]
[Date "2019.10.23"]
[Round "7.1"]
[White "Nikolov, Momchil"]
[Black "Bailet, Pierre"]
[Result "1/2-1/2"]
[TimeControl "1h30 + 30s/coup + 30 min /40 Coup"]
[WhiteTitle "GM"]
[BlackTitle "IM"]
[WhiteElo "2557"]
[BlackElo "2493"]

1. d4 d5 2. c4 e6 3. Nc3 Be7 4. Nf3 Nf6 5. Bf4 O-O 6. e3 Nbd7 7. a3 c5 8. cxd5 Nxd5 9. Nxd5 exd5 10.
dxc5 Nxc5 11. Be2 Bf6 12. Be5 Bf5 13.
O-O Be4 14. Bxf6 Qxf6 15. Qd4 Qc6 16. Qc3 Qb6 17. b4 Ne6 18. Rfc1 Bxf3 19. Bxf3 d4 20. Qd3 dxe3 21. Qxe3 Nd4 22.
Rc4 Nxf3+ 23. Qxf3 Rac8 24. Rac1 Qe6 25. Qf4 g6 26. h4 h5 27. Rc7 Rxc7 28. Rxc7 Qd5 29. Qf3 Qxf3 30. gxf3 a5 31.
Rxb7 axb4 32. axb4 Rc8 33. Re7 Rc2 34. b5 Rb2 35. Re5 f6 36. Re8+ Kg7 37. Re7+ Kh6 38. Rb7 Rb4 39. b6 Rxh4 40.
Rf7 Kg5 41. b7 Rb4 42. Kg2 f5 43. Rc7 f4 44. Kh3 1/2-1/2

[ePGN "0.1;DGT LiveChess/2.1"]

[Event "Open International Liffre 2019"]
[Site "Liffre"]
[Date "2019.10.23"]
[Round "7.2"]
[White "Enchev, Ivajlo"]
[Black "Guilleux, Fabien"]
[Result "1/2-1/2"]
[TimeControl "1h30 + 30s/coup + 30 min /40 Coup"]
[WhiteTitle "GM"]
[BlackTitle "IM"]
[WhiteElo "2488"]
[BlackElo "2433"]

1. d4 Nf6 2. c4 g6 3. f3 Bg7 4. e4 O-O 5. Nc3 d6 6. Nge2 a6 7. Be3 Nc6 8. Qd2 Re8 9. Rc1 Rb8 10.
d5 Ne5 11. b3 c5 12. Nf4 e6 13. Be2 exd5 14. Nfxd5 Be6 15. Bg5 Bxd5 16. Nxd5 Nc6 17. h4 Nd4 18. h5 Re5 19. h6 Bh8 20.
Bh4 Rh5 21. Bxf6 1/2-1/2

[ePGN "0.1;DGT LiveChess/2.1"]

[Event "Open International Liffre 2019"]
[Site "Liffre"]
[Date "2019.10.23"]
[Round "7.3"]
[White "Naumkin, Igor"]
[Black "Sundararajan, Kidambi"]
[Result "1/2-1/2"]
[TimeControl "1h30 + 30s/coup + 30 min /40 Coup"]
[WhiteTitle "GM"]
[BlackTitle "GM"]
[WhiteElo "2385"]
[BlackElo "2422"]

1. d4 Nf6 2. c4 e6 3. Nf3 Bb4+ 4. Nbd2 b6 5. g3 Bb7 6. Bg2 O-O 7. a3 Bxd2+ 8. Qxd2 d5 9. cxd5 Bxd5 10.
b4 a5 11. bxa5 Rxa5 12. O-O Nbd7 13. Bb2 c5 14. dxc5 Nxc5 15. Rad1 Qe7 16. Ne5 Bxg2 17. Kxg2 Na4 18. Ba1 Nc5 19.
Bb2 Na4 20. Ba1 Nc5 21. Bb2 1/2-1/2

[ePGN "0.1;DGT LiveChess/2.1"]

[Event "Open International Liffre 2019"]
[Site "Liffre"]
[Date "2019.10.23"]
[Round "7.4"]
[White "Konguvel, Ponnuswamy"]
[Black "Viani Antonio Dcunha"]
[Result "0-1"]
[TimeControl "1h30 + 30s/coup + 30 min /40 Coup"]
[WhiteTitle "IM"]
[BlackTitle "IM"]
[WhiteElo "2370"]
[BlackElo "2380"]

1. e4 e5 2. Nf3 Nc6 3. Bb5 a6 4. Ba4 Nf6 5. O-O Bc5 6. c3 b5 7. Bc2 d6 8. d4 Bb6 9. a4 Bg4 10.
axb5 axb5 11. Rxa8 Qxa8 12. d5 Na7 13. Bg5 Nd7 14. h3 Bh5 15. Re1 h6 16. Be3 O-O 17. Bxb6 Nxb6 18. Na3 Rb8 19. Bd3 Na4 20. Qd2 Bxf3 21.
gxf3 Nc5 22. Nc2 Rf8 23. Ne3 Qd8 24. Nf5 Nc8 25. Bxb5 Ne7 26. Nxe7+ Qxe7 27. b4 Nd7 28. Bxd7 Qxd7 29.
Kh2 f5 30. Rg1 fxe4 31. fxe4 Qf7 32. Rg2 Qf4 33. Qxf4 Rxf4 34. c4 Rxe4 35. Rg4 Re2 36. Kg2 Kf7 37. Kf3 Rb2 38. b5 Rb3+ 39.
Kg2 Rc3 40. h4 h5 41. Re4 Kf6 42. f3 Kf5 43. Kf2 Rc2+ 44. Kg3 Rd2 45. Re3 Rc2 46. Re4 g6 47. Kh3 Rd2 48. Kg3 Kf6 49. Re3 Rc2 50. Re4 Ke7 51. Kh3 Kd7 52.
f4 exf4 53. Rxf4 Kc8 54. Kg3 Rc3+ 55.
Kf2 Kb7 56. Ke2 Kb6 57. Kd2 Rg3 58. Rf8 Rg4 59. Kd3 Rxh4 60. Rb8+ Ka7 61. Rg8 Rg4 62. Kc3 h4 63. Kb4 g5 64.
Ka5 h3 65. c5 dxc5 66. d6 Rg1 67. b6+ cxb6+ 68. Kb5 Rb1+ 69. Kc6 h2 0-1

[ePGN "0.1;DGT LiveChess/2.1"]

[Event "Open International Liffre 2019"]
[Site "Liffre"]
[Date "2019.10.24"]
[Round "8.1"]
[White "Viani Antonio Dcunha"]
[Black "Bailet, Pierre"]
[Result "*"]
[TimeControl "1h30 + 30s/coup + 30 min /40 Coup"]
[WhiteTitle "IM"]
[BlackTitle "IM"]
[WhiteElo "2380"]
[BlackElo "2493"]

1. e4 e5 2. Nf3 Nc6 3. Bc4 Nf6 4. d3 Be7 5. O-O O-O 6. Re1 d6 7. a4 Be6 8. Nc3 Qd7 9. h3 Rae8 10.
Bxe6 fxe6 11. d4 exd4 12. Nxd4 Nxd4 13. Qxd4 c5 14. Qd1 Qc6 15. Bg5 h6 16. Bh4 d5 17. exd5 exd5 18. Bxf6 Bxf6 19.
Rxe8 Rxe8 20. Qxd5+ Qxd5 21. Nxd5 Bxb2 22. Rb1 Bd4 23. c3 Re5 24. cxd4 Rxd5 25. dxc5 Rd7 26. Kf1 Kf7 27. Ke2 Ke6 28. Ke3 Rf7 29. Ke4 Rxf2 30. Rxb7 Rxg2 31. Rxa7 h5 32. a5 Ra2 33. Ra6+ Kd7 34.
Rd6+ Kc7 35. a6 g5 36. Rh6 g4 37. h4 g3 38. Rxh5 g2 39. Rg5 Rxa6 40. Kd5 Rh6 41. Rg7+ Kc8 42.
Rxg2 Rxh4 43. Rg8+ Kc7 44. Rg7+ Kc8 45. Kc6 Rh6+ 46. Kb5 Rf6 47. c6 Rf1 48. Rg8+ Kc7 49. Rg7+ Kc8 50. Rg8+ *

[ePGN "0.1;DGT LiveChess/2.1"]

[Event "Open International Liffre 2019"]
[Site "Liffre"]
[Date "2019.10.24"]
[Round "8.2"]
[White "Guilleux, Fabien"]
[Black "Nikolov, Momchil"]
[Result "1/2-1/2"]
[TimeControl "1h30 + 30s/coup + 30 min /40 Coup"]
[WhiteTitle "IM"]
[BlackTitle "GM"]
[WhiteElo "2433"]
[BlackElo "2557"]

1. Nf3 Nf6 2. c4 c5 3. Nc3 d5 4. cxd5 Nxd5 5. d4 e6 6. e4 Nxc3 7. bxc3 cxd4 8. cxd4 Bb4+ 9. Bd2 Bxd2+ 10. Qxd2 O-O 11. Bc4 Nd7 12. O-O b6 13. Rfe1 Bb7 14. Rad1 Rc8 15. Bb3 Re8 16. d5 exd5 17. exd5 Nc5 18.
d6 Bxf3 19. gxf3 Qd7 20. Bc4 Rxe1+ 21. Rxe1 Ne6 22. Bxe6 fxe6 23. Rd1 Rc5 24. Qf4 h6 25. h4 b5 26. Kg2 a5 27. a3 Rf5 28.
Qe3 Kf7 29. Qb6 Rd5 30. Rd4 Kf6 31. Rf4+ Kg6 32. Rd4 Kf6 33. Rf4+ Kg6 34. Rd4 Kf6 35. f4 Kf7 36. Kf3 Rxd4 37. Qxd4 Qb7+ 38. Ke3 Ke8 39. Qe5 Qb6+ 40. Ke2 Kd7 41. f5 Qxd6 42. Qxg7+ Kc6 43. Qc3+ Kd7 44. Qg7+ Kc6 45. f6 Qe5+ 46. Kf1 b4 47. axb4 axb4 48. Qg2+ Kd6 49.
Qf3 Qf5 1/2-1/2

[ePGN "0.1;DGT LiveChess/2.1"]

[Event "Open International Liffre 2019"]
[Site "Liffre"]
[Date "2019.10.24"]
[Round "8.3"]
[White "Le Marec, Simon"]
[Black "Enchev, Ivajlo"]
[Result "*"]
[TimeControl "1h30 + 30s/coup + 30 min /40 Coup"]
[BlackTitle "GM"]
[WhiteElo "2228"]
[BlackElo "2488"]

1. d4 Nf6 2. c4 e6 3. Nc3 Bb4 4. e3 O-O 5. Bd3 c5 6. Nge2 b6 7. O-O cxd4 8. exd4 Bb7 9. a3 Bxc3 10.
Nxc3 h6 11. d5 exd5 12. cxd5 Na6 13.
Bf4 Nc7 14. Bc4 Rc8 15. Qd4 d6 16. Rfe1 Re8 17. Rad1 Nh5 18. Bc1 Nf6 19. Bd2 Rxe1+ 20. Rxe1 Qd7 21. Bxh6 Qf5 22. Bd3 Qh5 23. Bf4 Nfxd5 24. Nxd5 Bxd5 25. Bxd6 Qg5 26.
Be4 Re8 27. f4 Rxe4 28. Rxe4 Qg6 29. Bxc7 Bxe4 30. Qd8+ *

[ePGN "0.1;DGT LiveChess/2.1"]

[Event "Open International Liffre 2019"]
[Site "Liffre"]
[Date "2019.10.24"]
[Round "8.4"]
[White "Lassimonne, Jeremy"]
[Black "Sundararajan, Kidambi"]
[Result "0-1"]
[TimeControl "1h30 + 30s/coup + 30 min /40 Coup"]
[BlackTitle "GM"]
[WhiteElo "1614"]
[BlackElo "2422"]

1. e4 c5 2. Nf3 e6 3. d4 cxd4 4. Nxd4 a6 5. a3 Nf6 6. Nc3 Qc7 7. Be2 Nc6 8. Nb3 b5 9. O-O Be7 10.
Be3 O-O 11. f4 d6 12. Nd4 Bb7 13. Bf3 Na5 14. Qe1 Nc4 15. Bc1 Qb6 16. Qf2 d5 17. e5 Ne4 18. Bxe4 dxe4 19. Nce2 f6 20.
Nb3 Qxf2+ 21. Rxf2 e3 22. Rf1 fxe5 23. a4 b4 24. c3 Be4 25. fxe5 Rxf1+ 26. Kxf1 Rf8+ 27. Ke1 Bxg2 28. Ng3 h5 29.
Nxh5 Rf1+ 30. Ke2 Rf2+ 31. Ke1 Nxe5 32. Nd4 Nd3+ 33. Kd1 Bf3+ 0-1

[ePGN "0.1;DGT LiveChess/2.1"]

[Event "Open International Liffre 2019"]
[Site "Liffre"]
[Date "2019.10.25"]
[Round "9.1"]
[White "Sundararajan, Kidambi"]
[Black "Viani Antonio Dcunha"]
[Result "0-1"]
[TimeControl "1h30 + 30s/coup + 30 min /40 Coup"]
[WhiteTitle "GM"]
[BlackTitle "IM"]
[WhiteElo "2422"]
[BlackElo "2380"]

1. d4 Nf6 2. c4 g6 3. Nc3 Bg7 4. Nf3 O-O 5. Bg5 h6 6. Bxf6 Bxf6 7. Qd2 Bg7 8. h4 d6 9. h5 g5 10.
O-O-O Nd7 11. e4 c5 12. Be2 g4 13. Nh4 cxd4 14. Nb5 Nc5 15. Nxd4 e5 16. Ndf5 Nxe4 17. Qe3 Qg5 18. Qxg5 hxg5 19.
Ne7+ Kh7 20. Nhg6 Nxf2 21. Rhf1 g3 22. Nxf8 Bxf8 23. Bd3 Kh8 24. Nf5 e4 25. Bxe4 Nxe4 26. Rde1 d5 27. cxd5 Bxf5 28. Rxf5 Nd6 29. Rf3 Rc8+ 30. Kb1 Rc5 31. Rd1 Kg7 32. Rxg3 Kh6 33. Rh3 g4 34. Rhh1 f5 35. Rhe1 Kxh5 36.
Re6 Kg5 37. Rh1 Ne4 38. Re8 Bd6 39. Rd1 Kf4 40. Rd3 Rc7 41. Re6 Rh7 42. Rd4 Ke3 43. Rd1 Kf2 44. Rd4 Kxg2 45. Rdxe4 fxe4 46.
Rxd6 g3 47. Re6 Kh1 48. Rxe4 g2 0-1

[ePGN "0.1;DGT LiveChess/2.1"]

[Event "Open International Liffre 2019"]
[Site "Liffre"]
[Date "2019.10.25"]
[Round "9.2"]
[White "Nikolov, Momchil"]
[Black "Bianchi, Guillaume"]
[Result "1-0"]
[TimeControl "1h30 + 30s/coup + 30 min /40 Coup"]
[WhiteTitle "GM"]
[WhiteElo "2557"]
[BlackElo "2147"]

1. d4 d5 2. c4 c6 3. Nf3 Nf6 4. Qc2 g6 5. Bf4 Bg7 6. e3 O-O 7. Nc3 Na6 8. cxd5 Nb4 9. Qb3 Nbxd5 10. Be5 Qb6 11. Bc4 Qxb3 12. Bxb3 Bg4 13. Nxd5 Nxd5 14. Bxg7 Kxg7 15. Ne5 Be6 16. Ke2 Nc7 17. Bxe6 Nxe6 18.
Rac1 Rfd8 19. Rc4 f6 20. Nd3 Rd7 21. Rhc1 Rad8 22. b4 Rd5 23. a4 Kf7 24. Rb1 a6 25. Nc5 Rb8 26. Ne4 Nc7 27.
g4 Ke8 28. h4 Ne6 29. Nc3 Rd7 30. b5 axb5 31. axb5 cxb5 32. Nxb5 Ra8 33. Rc2 Ra5 34. Rcb2 Kd8 35. Nc3 Rc7 36.
Ne4 Kc8 37. Rb6 Nd8 38. R1b2 Rc6 39. Rxc6+ bxc6 40. g5 f5 41. Nd2 Ra1 42. Nf1 Ne6 43. f4 Nc7 44. Ng3 Nd5 45. Rb3 Kc7 46.
h5 Ra2+ 47. Kf3 Nb6 48. Rc3 Nd5 49. Rd3 Nb4 50. Rd1 Nd5 51. h6 e6 52. Rc1 Kd7 53. Rb1 Kc7 54. Rb3 Nb6 55. e4 Nc4 56.
Rc3 Nb6 57. Rc5 Nd7 58. Rc1 Nb6 59. d5 fxe4+ 60. Nxe4 Nxd5 61. Nc5 Ra3+ 62. Ke4 Re3+ 63. Kd4 Re2 64. Ra1 Rd2+ 65. Ke4 Kd6 66.
Nb7+ Kc7 67. Nc5 Kd6 68. Nd3 Nc3+ 69. Ke3 Ra2 70. Rxa2 Nxa2 71. Ne5 Nc3 72. Nxg6 Nd5+ 73. Ke4 c5 74. Ne5 Ke7 75. Nc4 Kf7 76. Ne5+ Ke7 77. f5 Nc7 78.
f6+ Kf8 79. g6 hxg6 80. h7 1-0

[ePGN "0.1;DGT LiveChess/2.1"]

[Event "Open International Liffre 2019"]
[Site "Liffre"]
[Date "2019.10.25"]
[Round "9.3"]
[White "Bailet, Pierre"]
[Black "Vidal, Llewellyn"]
[Result "1-0"]
[TimeControl "1h30 + 30s/coup + 30 min /40 Coup"]
[WhiteTitle "IM"]
[BlackTitle "FM"]
[WhiteElo "2493"]
[BlackElo "2319"]

1. e4 c5 2. Nf3 Nc6 3. Bb5 g6 4. O-O Bg7 5. Re1 e5 6. Bxc6 dxc6 7. d3 Qc7 8. a3 a5 9. Be3 b6 10. Nbd2 Nf6 11. b4 Ng4 12.
bxc5 Nxe3 13. Rxe3 bxc5 14. Nc4 O-O 15. Rb1 Be6 16. Nfd2 Bh6 17. Re1 Rfd8 18. Qe2 a4 19. f3 Rab8 20.
Rxb8 Rxb8 21. Qf2 Rb5 22. g3 Bxd2 23. Nxd2 Qd6 24. f4 exf4 25. gxf4 Qd4 26. Qxd4 cxd4 27. Rb1 Ba2 28. Rxb5 cxb5 29.
Kf2 b4 30. axb4 a3 31. b5 Be6 32. b6 Bc8 33. Nb3 a2 34. Ke2 f6 35.
Kd2 g5 36. fxg5 fxg5 37. Kc1 h5 38. Kb2 g4 39. Nxd4 Kf7 40. Nf5 Kf6 41. Kxa2 1-0

[ePGN "0.1;DGT LiveChess/2.1"]

[Event "Open International Liffre 2019"]
[Site "Liffre"]
[Date "2019.10.25"]
[Round "9.4"]
[White "Enchev, Ivajlo"]
[Black "Aumont, Alexandre"]
[Result "1-0"]
[TimeControl "1h30 + 30s/coup + 30 min /40 Coup"]
[WhiteTitle "GM"]
[WhiteElo "2488"]
[BlackElo "2221"]

1. d4 Nf6 2. c4 c5 3. d5 b5 4. cxb5 a6 5. b6 e6 6. Nc3 Nxd5 7. Nxd5 exd5 8. Qxd5 Nc6 9. e4 Be7 10.
Bc4 O-O 11. Nf3 Rb8 12. O-O Rxb6 13. Ng5 Qe8 14. Qf5 Bxg5 15. Qxg5 d6 16. Bf4 Nd4 17. f3 Be6 18. Bd3 f6 19.
Qg3 Qc6 20. Qf2 f5 21. Be3 Rb4 22. b3 fxe4 23. Bxe4 d5 24. Bd3 Bf5 25. Bxf5 Rxf5 26. Rac1 Qb5 27. Rfe1 Re5 28. Bxd4 Rxe1+ 29. Qxe1 Rxd4 30. Qe6+ Kf8 31. Qd6+ Kg8 32. Qe6+ Kf8 33. Re1 h6 34. Re5 Rf4 35. Rxd5 Qb8 36. Rd7 1-0